[Event "*** Titled Tuesday Blitz"]
[Site "Chess.com"]
[Date "2020.12.01"]
[Round "2"]
[White "kagg1125"]
[Black "leoduarte"]
[Result "1-0"]
[WhiteElo "2546"]
[BlackElo "2292"]
[TimeControl "180+1"]
[EndTime "10:17:51 PST"]
[Termination "kagg1125 won by resignation"]

1. e4 c5 2. Nf3 e6 3. g3 d5 4. exd5 exd5 5. d4 Nc6 6. Bg2 Nf6 7. O-O cxd4 8. Nxd4 Be7 9. Re1 O-O 10. Nc3 Bg4 11. Qd3 Nb4 12. Qd2 Rc8 13. a3 Nc6 14. Qd3 Nxd4 15. Qxd4 Bc5 16. Qd3 d4 17. Ne4 Nxe4 18. Bxe4 h6 19. Bd2 Qf6 20. Bg2 Qb6 21. b4 Bd6 22. h3 Bh5 23. Be4 Qc7 24. Kg2 Bg6 25.
Qxd4 Be5 26. Qe3 Bxe4+ 27. Qxe4 Bxa1 28. Rxa1 Qxc2 29. Qxc2 Rxc2 30. Be3 a6 31. a4 Rfc8 32. b5 axb5 33. axb5 Rb2 34. b6 Rd8 35. Ra7 Rd7 36.
Ra8+ Kh7 37. Rc8 h5 38. h4 g6 39. Kf3 Rb3 40. Kg2 Rbd3 41. Kf3 R3d5 42. Kg2 Rf5 43. Rc7 Rfd5 44. Rc4 Kg7 45. Kf3 Kg8 46. Ke4 Kg7 47. Bd4+ Kf8 48. Bf6 Rd8 49. Bxd8 Rxd8 50.
Rc7 Rd7 51. Rxd7 1-0

[Event "*** Titled Tuesday Blitz"]
[Site "Chess.com"]
[Date "2020.12.01"]
[Round "2"]
[White "exoticprincess"]
[Black "Jungle_Jaguar"]
[Result "1-0"]
[WhiteElo "2899"]
[BlackElo "2553"]
[TimeControl "180+1"]
[EndTime "10:17:52 PST"]
[Termination "exoticprincess won by resignation"]

1. e4 c5 2. Nf3 d6 3. d4 cxd4 4. Nxd4 Nf6 5. Nc3 Nc6 6. Bg5 e6 7. Qd2 a6 8. O-O-O Bd7 9. f3 Be7 10. Kb1 h6 11. Be3 b5 12. Nxc6 Bxc6 13. Ne2 Rc8 14.
Nd4 Bd7 15. Rc1 Qc7 16. c4 bxc4 17. Bxc4 Qb7 18. Qe2 Ra8 19. Rc3 O-O 20. Rb3 Qc7 21. Rc1 Qa5 22. Qd2 Qxd2 23. Bxd2 d5 24. exd5 exd5 25. Bd3 Bd6 26. g3 a5 27. Rb7 a4 28.
Bb5 Be5 29. Nc6 Bxc6 30. Rxc6 a3 31. b4 Rab8 32. Rxb8 Rxb8 33. Bd3 d4 34. Kc2 Nd5 35. Kb3 Bf6 36. Rc5 Nc3 37. Bf5 g6 38. Rc8+ Rxc8 39. Bxc8 Nb1 40. Bf4 d3 41. Ba6 d2 42. Kc2 Nc3 43. Bxd2 Nxa2 44. Bc4 Bc3 45. Bxa2 Bxd2 46. Kxd2 1-0

[Event "*** Titled Tuesday Blitz"]
[Site "Chess.com"]
[Date "2020.12.01"]
[Round "2"]
[White "VladaSviridova"]
[Black "UCantHandleDenker"]
[Result "0-1"]
[WhiteElo "2287"]
[BlackElo "2516"]
[TimeControl "180+1"]
[EndTime "10:17:52 PST"]
[Termination "UCantHandleDenker won on time"]

1. d4 Nf6 2. c4 c5 3. d5 d6 4. Nc3 g6 5. e4 Bg7 6. h3 O-O 7. Nf3 e6 8. Bd3 Na6 9. O-O Re8 10. Re1 e5 11. Bg5 h6 12. Be3 Nc7 13. Qd2 Kh7 14. Rab1 a6 15. b4 b6 16. bxc5 bxc5 17.
Rb3 Rf8 18. Reb1 Nce8 19. Na4 Nh5 20. g4 Nf4 21. Bxf4 exf4 22. Qxf4 Nf6 23. e5 dxe5 24. Nxe5 Nd7 25. Nxd7 Bxd7 26. Nb6 Ra7 27. Nxd7 Rxd7 28. Rb8 Qh4 29. Rxf8 Bxf8 30. Rb6 Qxh3 31. Be4 Bg7 32. Rb3 Qh4 33. Bg2 Re7 34. Re3 Rb7 35. Rb3 Re7 36. Re3 Rxe3 37. fxe3 Qe1+ 38. Bf1 Qd2 39. d6 Kg8 40. a4 Bd4 41. d7 Bxe3+ 42. Qxe3 Qxe3+ 43. Kg2 Qd2+ 0-1

[Event "*** Titled Tuesday Blitz"]
[Site "Chess.com"]
[Date "2020.12.01"]
[Round "2"]
[White "BogdanDeac"]
[Black "GelmanAlexander"]
[Result "1-0"]
[WhiteElo "2981"]
[BlackElo "2574"]
[TimeControl "180+1"]
[EndTime "10:17:53 PST"]
[Termination "BogdanDeac won on time"]

1. Nf3 c5 2. e4 e6 3. g3 Nc6 4. Bg2 Nf6 5. Qe2 d6 6. O-O Be7 7. Rd1 O-O 8. d4 cxd4 9. Nxd4 Bd7 10. Nxc6 bxc6 11. e5 dxe5 12. Qxe5 Rb8 13. Nc3 Nd5 14. Ne4 f5 15. Nd2 Bf6 16. Qe1 Bxb2 17. Rb1 Bxc1 18. Rxb8 Qxb8 19. Rxc1 Qb4 20. c4 Nf6 21. Qe3 c5 22. Nb3 Rc8 23. h3 h6 24.
Rd1 Qxc4 25. Qe5 Qb5 26. Qc3 c4 27. Nd4 Qe5 28. Re1 Qd6 29. Nf3 Bc6 30. Qxc4 Bd7 31. Qb3 a5 32. Ne5 a4 33. Qb7 Rb8 34. Qa7 Rb2 35.
Nxd7 Nxd7 36. Qxa4 Nc5 37. Qa8+ Kh7 38. Qa3 Nd3 39.
Qxd6 1-0

[Event "*** Titled Tuesday Blitz"]
[Site "Chess.com"]
[Date "2020.12.01"]
[Round "2"]
[White "IMTominho"]
[Black "Skatchkov_V"]
[Result "0-1"]
[WhiteElo "2748"]
[BlackElo "2505"]
[TimeControl "180+1"]
[EndTime "10:17:53 PST"]
[Termination "Skatchkov_V won by resignation"]

1. d4 Nf6 2. c4 e6 3. Nf3 b6 4. g3 Bb7 5. Bg2 Be7 6. O-O O-O 7.
Re1 Na6 8. b3 d5 9. cxd5 exd5 10.
Bb2 Ne4 11. Nfd2 Bf6 12. Qc2 Rc8 13. Nxe4 dxe4 14. Bxe4 Nb4 15. Bxh7+ Kh8 16. Qd2 Kxh7 17. Qxb4 c5 18. Qb5 cxd4 19. Nd2 Rc5 20. Qd3+ Kg8 21. Rac1 Qd5 22. f3 Rfc8 23. Rxc5 bxc5 24. Ne4 Be7 25.
Rc1 f5 26. Nd2 Bg5 27. Rc2 Be3+ 28. Kg2 Kh8 29. Nf1 Re8 30. Bc1 f4 31. Qg6 Re6 32.
Qd3 Ba6 33. Nxe3 Bxd3 34. Nxd5 Bxc2 35. Nxf4 Ra6 36. a3 Bxb3 37. Kf2 c4 38. Ke1 Bc2 39.
Kd2 Bf5 40. e3 c3+ 41. Ke2 g5 42. Nd5 d3+ 43. Kd1 d2 44. Bxd2 cxd2 45. e4 Be6 0-1

[Event "*** Titled Tuesday Blitz"]
[Site "Chess.com"]
[Date "2020.12.01"]
[Round "2"]
[White "WelshTiger"]
[Black "temus_galaktionov"]
[Result "0-1"]
[WhiteElo "2469"]
[BlackElo "2690"]
[TimeControl "180+1"]
[EndTime "10:17:53 PST"]
[Termination "temus_galaktionov won by checkmate"]

1. e4 c6 2. d4 g6 3. Nd2 Bg7 4. c3 d6 5. h3 Nd7 6. Ngf3 Ngf6 7. Be2 O-O 8. O-O e5 9. Re1 Re8 10. Bf1 b6 11. dxe5 dxe5 12. Nc4 Re6 13. Ng5 Re7 14.
Nd6 h6 15. Ngxf7 Qf8 16. Bc4 Kh7 17. Nxc8 Rxc8 18. Nd6 Rd8 19. Nb7 Rb8 20. Nd6 Rd8 21. Nb7 Rb8 22. Nd6 b5 23. Bb3 Nc5 24. Be3 Nxb3 25.
Qxb3 Rd7 26. Bc5 Rxd6 27. Bxd6 Qxd6 28. Qf7 Qd7 29. Qb3 Qe7 30. Rad1 a5 31. a3 h5 32. Qc2 Bf8 33. Qd3 Qe6 34. Kh2 Bc5 35. Re2 Kg7 36.
Red2 Kf7 37. Qe2 Be7 38. Qf3 Kg7 39. Qe3 Qc4 40. Qa7 Re8 41. f3 a4 42. Qe3 Qc5 43. Qe2 Rc8 44. g4 hxg4 45. hxg4 Rc7 46. Kg2 Kf7 47. Rd3 Nh7 48. Rd7 Rxd7 49. Rxd7 Ng5 50. Qd2 Ke8 51. Rb7 Qd6 52. Qe3 Ne6 53. Qa7 Nf4+ 54.
Kg3 Qf6 55. Rc7 Qh4# 0-1

[Event "*** Titled Tuesday Blitz"]
[Site "Chess.com"]
[Date "2020.12.01"]
[Round "2"]
[White "alexrustemov"]
[Black "barriochess"]
[Result "1/2-1/2"]
[WhiteElo "2640"]
[BlackElo "2397"]
[TimeControl "180+1"]
[EndTime "10:17:53 PST"]
[Termination "Game drawn by agreement"]

1. d4 d5 2. c4 e6 3. Nc3 c5 4. cxd5 exd5 5. Nf3 Nc6 6. g3 Nf6 7. Bg2 Be7 8. O-O O-O 9. Bg5 cxd4 10. Nxd4 h6 11. Be3 Re8 12. Rc1 Bf8 13. Nb3 Be6 14.
Bc5 Bxc5 15. Nxc5 Qb6 16. N3a4 Qc7 17. Qb3 Rab8 18. e3 Red8 19. Rfd1 Bg4 20. Rd2 Na5 21. Qb4 b6 22. Nb3 Nc4 23. Rdc2 b5 24. Nc3 a5 25. Qc5 Qxc5 26. Nxc5 Bf5 27. Re2 Rdc8 28. Nb3 a4 29. Nd4 Bd3 30. Ree1 Nxb2 31. Nxd5 Nxd5 32. Bxd5 Bc4 33.
Bxc4 bxc4 34. Rc2 a3 35. Rb1 c3 36. Ne2 Na4 37. Rbc1 Rb2 38. Kf1 Rxc2 39. Rxc2 Rb8 40. Nd4 Rb2 41. Ke2 Nb6 42. Kd3 Nd5 43. Kc4 Nf6 44. f3 g6 45. Kxc3 Nd5+ 46. Kd2 Nb4 47. Kc3 Nxc2 48. Nxc2 Rxa2 49. h4 h5 50. Kb3 Rb2+ 51.
Kc3 Ra2 52. Kb3 Rb2+ 53. Kc3 1/2-1/2

[Event "*** Titled Tuesday Blitz"]
[Site "Chess.com"]
[Date "2020.12.01"]
[Round "2"]
[White "GAusal"]
[Black "Zq1"]
[Result "0-1"]
[WhiteElo "2099"]
[BlackElo "2595"]
[TimeControl "180+1"]
[EndTime "10:17:53 PST"]
[Termination "Zq1 won on time"]

1. d4 d5 2. Bf4 Nf6 3. e3 e6 4. Nf3 c5 5. c3 Nc6 6. Bd3 Bd6 7. Ne5 Qc7 8. Nxc6 Bxf4 9. exf4 bxc6 10. g3 cxd4 11. cxd4 Qb6 12. O-O Qxd4 13. Nc3 Qb6 14.
Na4 Qc7 15. Re1 O-O 16. Nc5 Rb8 17. b3 h6 18. Rc1 Nd7 19. Na4 Qd6 20. Bf1 Bb7 21. Qd4 Ra8 22. Nc5 Nxc5 23. Rxc5 a5 24. Rec1 Rfc8 25. Qa4 Qc7 26. Be2 Qb6 27. a3 Ba6 28. Bg4 Bd3 29. R1c3 Bg6 30. h4 h5 31. Bd1 Rab8 32. Qxa5 Qxa5 33. Rxa5 Rc7 34. b4 f6 35. Ba4 Be4 36. Rxc6 Re7 37. Rac5 d4 38. Kf1 Bxc6 39.
Bxc6 e5 40. fxe5 fxe5 41. f3 Ra7 42. Rxe5 Rxa3 43. b5 Ra2 0-1

[Event "*** Titled Tuesday Blitz"]
[Site "Chess.com"]
[Date "2020.12.01"]
[Round "2"]
[White "bascheyaro"]
[Black "MathiasWomacka"]
[Result "1-0"]
[WhiteElo "2745"]
[BlackElo "2483"]
[TimeControl "180+1"]
[EndTime "10:17:55 PST"]
[Termination "bascheyaro won by resignation"]

1. d4 Nf6 2. Bf4 e6 3. e3 c5 4. Nf3 d5 5. Nc3 a6 6. a3 Bd6 7. dxc5 Bxc5 8. Na4 Qa5+ 9. c3 Be7 10. b4 Qd8 11. c4 dxc4 12. Qxd8+ Bxd8 13. O-O-O Nbd7 14. Nc5 b5 15. Nxd7 Bxd7 16. Ne5 Ra7 17. Be2 Nd5 18. Bf3 O-O 19. Nxd7 Rxd7 20. e4 Nf6 21. Rxd7 Nxd7 22.
Rd1 Nf6 23. Bd6 Re8 24. e5 Nd5 25. Bxd5 exd5 26. Rxd5 f6 27. f4 fxe5 28. Bxe5 Bf6 29. Bxf6 gxf6 30. Rd6 Re2 31. g4 Rxh2 32. Rxf6 Rf2 33. f5 Rg2 34. Rxa6 Rxg4 35. Rb6 Rg3 36. Kb2 Rg2+ 37. Kc3 Ra2 38. Rxb5 Rxa3+ 39. Kxc4 Kf7 40. Rb7+ Kf6 41. Rxh7 Kxf5 42. Re7 Kf6 43. Re2 Ra8 44. b5 Rb8 45. Kc5 Rc8+ 46. Kd6 Rd8+ 47. Kc7 Rd1 48. b6 Rc1+ 49. Kb8 Rb1 50. b7 Kf7 51. Re4 Rb2 52.
Kc7 Rc2+ 53. Kb6 Rb2+ 54. Kc6 Rc2+ 55. Kb5 1-0

[Event "*** Titled Tuesday Blitz"]
[Site "Chess.com"]
[Date "2020.12.01"]
[Round "2"]
[White "dopolian"]
[Black "ARTHURMOTIVATOR"]
[Result "0-1"]
[WhiteElo "2421"]
[BlackElo "2247"]
[TimeControl "180+1"]
[EndTime "10:17:55 PST"]
[Termination "ARTHURMOTIVATOR won by resignation"]

1. Nf3 g6 2. c4 Bg7 3. g3 e5 4.
Bg2 d6 5. O-O Nc6 6. Nc3 Nf6 7.
d4 O-O 8. Bg5 h6 9. dxe5 hxg5 10.
exf6 Bxf6 11. Qd2 g4 12. Ne1 Be6 13. b3 Kg7 14. Rd1 Rh8 15. Nc2 Rh5 16. Ne4 Bf5 17. Nxf6 Qxf6 18. Nd4 Rah8 19. Nxc6 bxc6 20. Bxc6 Rxh2 21.
Qd4 Qxd4 22. Rxd4 Kf6 23. c5 Ke7 24. cxd6+ cxd6 25. Rfd1 Bd7 26. Bg2 Bb5 27. e3 Be2 28.
Rf4 g5 29. Re4+ Kf6 30. Rxd6+ Kg7 31. Rd5 Bf3 32. Rxg5+ Kf6 33. Rf4+ Kxg5 34. Rxf3 gxf3 35. Bxf3 R2h6 36. Bg2 Rd6 37. f4+ Kf5 38. e4+ Kf6 39. Kf2 Ke7 40. e5 Rd2+ 41. Kg1 Rxg2+ 42. Kxg2 Rc8 0-1

[Event "*** Titled Tuesday Blitz"]
[Site "Chess.com"]
[Date "2020.12.01"]
[Round "2"]
[White "Arseniy_Nesterov"]
[Black "Mr_Sinigami"]
[Result "1/2-1/2"]
[WhiteElo "2844"]
[BlackElo "2547"]
[TimeControl "180+1"]
[EndTime "10:17:56 PST"]
[Termination "Game drawn by repetition"]

1. d4 Nf6 2. c4 g6 3. Nc3 Bg7 4. e4 d6 5. Be2 O-O 6. Bg5 h6 7. Be3 e5 8. d5 Na6 9. Qd2 h5 10. f3 c6 11. O-O-O cxd5 12. cxd5 Bd7 13. h4 Nc5 14.
Nh3 Rb8 15. Ng5 b5 16. Rdg1 b4 17. Nd1 Qa5 18. Kb1 Rfc8 19. b3 Ba4 20. Bxc5 Qxc5 21.
Nb2 Bb5 22. Bxb5 Qxb5 23. Rc1 a5 24. Rxc8+ Rxc8 25. Nc4 Bf8 26. Rc1 a4 27. f4 axb3 28. axb3 Ng4 29. fxe5 Nxe5 30. Nxe5 Rxc1+ 31. Kxc1 dxe5 32. Qf2 Qd7 33. Kb1 Bh6 34. Qf6 Bxg5 35. hxg5 Qb5 36.
Qf3 Qc5 37. Qd3 Qg1+ 38. Kc2 Qxg2+ 39. Kc1 Qg1+ 40. Kb2 Qg2+ 41. Kb1 Qg1+ 42. Ka2 Qg2+ 43. Kb1 Qg1+ 44. Ka2 Qa7+ 45. Kb1 Qg1+ 1/2-1/2

[Event "*** Titled Tuesday Blitz"]
[Site "Chess.com"]
[Date "2020.12.01"]
[Round "2"]
[White "FearNoEvil12"]
[Black "sbouchet"]
[Result "0-1"]
[WhiteElo "2146"]
[BlackElo "2396"]
[TimeControl "180+1"]
[EndTime "10:17:56 PST"]
[Termination "sbouchet won by resignation"]

1. e4 c5 2. Nc3 g6 3. f4 Bg7 4. Nf3 a6 5. a4 Nc6 6. Bc4 e6 7. f5 Nge7 8. fxg6 hxg6 9. d3 d5 10. Bb3 Nd4 11. O-O Nxb3 12. cxb3 dxe4 13. dxe4 Qxd1 14.
Rxd1 Nc6 15. Be3 b6 16. Rd2 Na5 17. Rd6 Rb8 18. Rad1 O-O 19. Nd2 Be5 20. Rd3 Bb7 21.
Ne2 Rfd8 22. Nf3 Bc7 23. Ng3 Nxb3 24. Kf2 c4 25. Rxd8+ Rxd8 26. Rxd8+ Bxd8 27. Ne5 b5 28. Ke2 Bc7 29. Nf3 bxa4 30. Nd2 Nxd2 31. Kxd2 Be5 32. Kc2 Kf8 33. Kb1 Ke7 34. Ka2 Kd7 35. Ka3 Bc6 36. Bc1 a5 37. Bd2 Bd6+ 38. Ka2 Bb4 39. Be3 f5 40.
exf5 exf5 41. Bd4 Bxg2 42. h4 Bf3 43. Be3 Ke6 44. Nf1 Ke5 45. Nd2 Bd5 46. Kb1 f4 47.
Nxc4+ Bxc4 48. Bf2 Bb3 49. Kc1 Ke4 50. h5 gxh5 51.
Bh4 f3 52. Bf2 Kd3 53. Bh4 Ke2 54.
Bg3 f2 55. Bxf2 Kxf2 56. Kb1 h4 0-1

[Event "*** Titled Tuesday Blitz"]
[Site "Chess.com"]
[Date "2020.12.01"]
[Round "2"]
[White "carloseduar100"]
[Black "orestn"]
[Result "1-0"]
[WhiteElo "2041"]
[BlackElo "2336"]
[TimeControl "180+1"]
[EndTime "10:17:56 PST"]
[Termination "carloseduar100 won by resignation"]

1. e4 e5 2. Nf3 Nc6 3. Bc4 Bc5 4. O-O Nf6 5. Qe2 O-O 6. c3 h6 7. d3 Re8 8. Be3 Bb6 9. Nbd2 d5 10. exd5 Nxd5 11.
Bxb6 axb6 12. a3 Bf5 13. g3 Qd7 14. Rfe1 Rad8 15. Rad1 Nf6 16. Ne4 Bxe4 17. dxe4 Qe7 18. b4 Rxd1 19. Rxd1 Rd8 20. Rxd8+ Nxd8 21. Qd3 Nc6 22. Kg2 Qd6 23. Qxd6 cxd6 24. Nd2 Kf8 25.
f3 Ke7 26. Kf2 Ne8 27. Ke3 Nc7 28. f4 g6 29. Nf3 f5 30. a4 Kf6 31. exf5 gxf5 32.
fxe5+ dxe5 33. Ne1 e4 34. Nc2 Ne5 35. Be2 Nf7 36. Nd4 Nd6 37. c4 Ke5 38. Nb3 Ne6 39. h4 Nf7 40. a5 bxa5 41. Nxa5 Nfd8 42. c5 Nc7 43. Nc4+ Kf6 44. Nd6 Nd5+ 45. Kd4 Nxb4 46. Bc4 Nbc6+ 47. Kd5 Ne5 48. Bb5 Ng4 49. Nxb7 Nxb7 50.
c6 Ne5 51. cxb7 1-0

[Event "*** Titled Tuesday Blitz"]
[Site "Chess.com"]
[Date "2020.12.01"]
[Round "2"]
[White "Mikhail_Golubev"]
[Black "AryanTari"]
[Result "0-1"]
[WhiteElo "2563"]
[BlackElo "2925"]
[TimeControl "180+1"]
[EndTime "10:17:57 PST"]
[Termination "AryanTari won by resignation"]

1. e4 e5 2. Nf3 Nc6 3. Bb5 a6 4. Ba4 f5 5. d3 fxe4 6. dxe4 Nf6 7. Bg5 Bb4+ 8. c3 Be7 9. Bb3 d6 10. Nbd2 Na5 11. O-O Bg4 12. h3 Bh5 13. Be6 Bf7 14. Qa4+ Nc6 15. Bxf7+ Kxf7 16. Qb3+ Kg6 17. Qxb7 Qd7 18.
Qb3 Rhb8 19. Qd1 Kf7 20. b4 Qe6 21. Be3 h6 22. Nh4 Kg8 23. Nf5 Bf8 24. Qf3 Kh7 25.
a3 g6 26. Nxh6 Bxh6 27. Bxh6 Kxh6 28. Qe3+ Kg7 29. Nf3 Rf8 30. Ng5 Qc4 31. f4 exf4 32. Rxf4 Nh5 33. Rh4 Ne5 34. Re1 Rf6 35. g4 Nf4 36.
Rh7+ Kg8 37. Re7 Raf8 38. Nh7 Nfd3 39. Nxf6+ Rxf6 40. Qh6 Nf3+ 41. Kh1 Nf2+ 42. Kg2 Nxe1+ 43. Kg3 Qd3+ 44. Kh4 Nf3+ 45. Kg3 Nh1+ 46. Kg2 Qe2+ 0-1

[Event "*** Titled Tuesday Blitz"]
[Site "Chess.com"]
[Date "2020.12.01"]
[Round "2"]
[White "MoreChessJulia"]
[Black "AniJak"]
[Result "0-1"]
[WhiteElo "2098"]
[BlackElo "2381"]
[TimeControl "180+1"]
[EndTime "10:17:57 PST"]
[Termination "AniJak won on time"]

1. d4 d5 2. c4 c6 3. Nf3 Nf6 4. e3 a6 5. Nc3 Bg4 6. h3 Bxf3 7. Qxf3 e6 8. Bd3 b5 9. b3 Bb4 10. Bd2 Qa5 11. Rc1 Bxc3 12. Bxc3 Qxa2 13. O-O Qxb3 14. e4 bxc4 15. Bc2 Qb7 16. Rb1 Qc7 17. e5 Nfd7 18. Bb4 c5 19. dxc5 Nc6 20. Bc3 O-O 21. Qh5 g6 22. Qh6 d4 23. Bd2 Qxe5 24. Rbe1 Qg7 25.
Qh4 Rfe8 26. Be4 Rac8 27. Bh6 Qf6 28. Bg5 Qh8 29. f4 f6 30. Bh6 Nxc5 31. Bxc6 Rxc6 32.
f5 Nd3 33. Rxe6 Rcxe6 34. fxe6 f5 35. e7 Qe5 36. Bg5 Nc5 37. Bf6 Qe3+ 38. Kh1 Ne4 39. Rf3 Qc1+ 40. Kh2 d3 41. Bd4 Qa3 0-1

[Event "*** Titled Tuesday Blitz"]
[Site "Chess.com"]
[Date "2020.12.01"]
[Round "2"]
[White "Vesper2018"]
[Black "woodhy"]
[Result "0-1"]
[WhiteElo "2655"]
[BlackElo "2478"]
[TimeControl "180+1"]
[EndTime "10:17:58 PST"]
[Termination "woodhy won by resignation"]

1. e4 e6 2. d3 d5 3. Nd2 Nf6 4. Ngf3 c5 5. g3 Nc6 6. Bg2 Be7 7. O-O b6 8. e5 Nd7 9. Re1 Qc7 10. Qe2 Bb7 11.
Nf1 h6 12. h4 O-O-O 13. c3 Rdg8 14. h5 g5 15. hxg6 Rxg6 16. Bf4 h5 17. b4 h4 18. gxh4 Bxh4 19. Ng3 Rg4 20. Qd2 Be7 21. a3 Kb8 22. d4 c4 23. a4 f5 24. Nh2 Rgh4 25. Nf3 Rg4 26. Kf1 Qd8 27. Ke2 Ka8 28. Rh1 Rgg8 29.
Rxh8 Rxh8 30. Bg5 Bxg5 31. Qxg5 Qf8 32. Rh1 Rxh1 33. Bxh1 a6 34. Nh5 Nxb4 35. cxb4 Qxb4 36. Qg8+ Nf8 37. Ng5 Ka7 38. Nxe6 Qb2+ 39. Kf1 Nxe6 40.
Qxe6 Qxd4 41. Nf6 c3 42. Qd7 c2 43. Bxd5 c1=Q+ 44. Kg2 Qc8 45. Qg7 Qxe5 0-1

[Event "*** Titled Tuesday Blitz"]
[Site "Chess.com"]
[Date "2020.12.01"]
[Round "2"]
[White "WonderChampion"]
[Black "Pikachess999"]
[Result "0-1"]
[WhiteElo "2030"]
[BlackElo "2356"]
[TimeControl "180+1"]
[EndTime "10:17:58 PST"]
[Termination "Pikachess999 won on time"]

1. d4 d5 2. Nf3 Nf6 3. e3 c5 4. dxc5 Nc6 5. c3 a5 6. Bb5 e6 7. Bxc6+ bxc6 8. Nd4 Bd7 9. O-O Bxc5 10. Bd2 O-O 11.
b3 e5 12. Nf3 Qe7 13. Nh4 Ne4 14. Nf3 Bg4 15. h3 Bh5 16. c4 Rfd8 17. cxd5 cxd5 18.
Nc3 Nxd2 19. Qxd2 Bxf3 20. gxf3 d4 21. exd4 exd4 22. Ne4 Bb4 23. Qd3 f5 24. Ng3 g6 25. Rad1 Rac8 26. Ne2 Qh4 27. Kh2 Bd6+ 28. Kg2 Be5 29. Ng3 Qf4 30. Rfe1 h5 31. Qe2 Re8 32.
Qd3 h4 33. Ne2 Qh2+ 34. Kf1 Qh1+ 35. Ng1 Bh2 36. Rxe8+ Rxe8 37. Qc4+ Kg7 38. Qxd4+ Kh6 39. Qd2+ Kh5 0-1

[Event "*** Titled Tuesday Blitz"]
[Site "Chess.com"]
[Date "2020.12.01"]
[Round "2"]
[White "Paladin61"]
[Black "Xeniya2005"]
[Result "1-0"]
[WhiteElo "2669"]
[BlackElo "2434"]
[TimeControl "180+1"]
[EndTime "10:18:00 PST"]
[Termination "Paladin61 won on time"]

1. b3 d5 2. Bb2 Bg4 3. f3 Bf5 4. e3 Nd7 5. Nc3 c6 6. e4 dxe4 7. fxe4 Bg6 8. Nf3 e5 9. g3 Ngf6 10. d3 Bc5 11. Bh3 Bh5 12. Qe2 Qa5 13. a3 Bd4 14. b4 Qc7 15. g4 Nxg4 16. Nxd4 exd4 17. Bxg4 Bxg4 18. Qxg4 dxc3 19. Bxc3 O-O-O 20. Qxg7 Rhg8 21. Qh6 Rg6 22. Qe3 c5 23. b5 Ne5 24. O-O-O Re6 25.
Rdf1 Rd7 26. Rhg1 Qd6 27. Bb2 b6 28. Rf5 Ng6 29. Qf2 Qc7 30. Rf1 Ree7 31. h4 Nf8 32. h5 Ne6 33. Rg1 Nd4 34. Rg8+ Kb7 35. Bxd4 cxd4 36.
Qd2 Qd6 37. Kb2 Qe6 38. Rg7 Rc7 39. Qb4 Red7 40. Rxh7 1-0

[Event "*** Titled Tuesday Blitz"]
[Site "Chess.com"]
[Date "2020.12.01"]
[Round "2"]
[White "Meri-Arabidze"]
[Black "Mikasinski"]
[Result "1-0"]
[WhiteElo "2619"]
[BlackElo "2280"]
[TimeControl "180+1"]
[EndTime "10:18:01 PST"]
[Termination "Meri-Arabidze won by resignation"]

1. Nf3 Nf6 2. c4 g6 3. Nc3 Bg7 4. g3 d6 5. Bg2 O-O 6. O-O Nc6 7.
d3 e5 8. Rb1 Re8 9. b4 Bg4 10. b5 Ne7 11. h3 Bxf3 12. Bxf3 Qc8 13. Bg2 c6 14. a4 d5 15. bxc6 bxc6 16. cxd5 cxd5 17. Nb5 Rd8 18. Ba3 Nf5 19. Rc1 Qb7 20. Rc7 Qb6 21. Bc5 Qa5 22. Rxa7 Rxa7 23. Bxa7 Ra8 24.
e4 dxe4 25. dxe4 Ne7 26. Bc5 Nc6 27. Qd6 Rc8 28. Ra1 Bf8 29. Qxf6 Bxc5 30. Nd6 Rf8 31. Nb7 Qc3 32. Rf1 Nd4 33. Nxc5 Qxc5 34. Kh2 Ra8 35. f4 exf4 36. Rxf4 Ra7 37. e5 Ne6 38. Rh4 h5 39. g4 Ng7 40. gxh5 Nxh5 41. Qd6 Qxd6 42. exd6 Rd7 43.
Rd4 Ng7 44. Bc6 Rd8 45. d7 Ne6 46. Rd1 Kf8 47. a5 Ke7 48. a6 Nc7 49. a7 Na8 50.
Bxa8 Rxa8 1-0

[Event "*** Titled Tuesday Blitz"]
[Site "Chess.com"]
[Date "2020.12.01"]
[Round "2"]
[White "Sebastian"]
[Black "AlexSuv"]
[Result "1-0"]
[WhiteElo "2943"]
[BlackElo "2565"]
[TimeControl "180+1"]
[EndTime "10:18:04 PST"]
[Termination "Sebastian won by checkmate"]

1. e4 c5 2. Nf3 e6 3. d4 cxd4 4. Nxd4 Nc6 5. Nc3 Qc7 6. Be3 a6 7. Qd2 Nf6 8. O-O-O Bb4 9. f3 Ne5 10. Nb3 b5 11. Qf2 O-O 12. Bc5 Bxc5 13. Qxc5 Qxc5 14. Nxc5 d5 15. f4 Neg4 16. e5 Nd7 17. Nxd7 Bxd7 18. Rd4 Ne3 19. Kd2 Nf5 20. Rd3 b4 21.
Ne2 Bb5 22. Rh3 d4 23. Rb3 a5 24. Ng3 Bxf1 25. Nxf1 Rac8 26. Rd3 Rc5 27. Ng3 Ne3 28. Rxd4 Nxg2 29. Ne4 Rc7 30. Nd6 Nh4 31. Rd3 f6 32. exf6 Rxf6 33. Ne8 Rc8 34. Nxf6+ gxf6 35. Rd7 Rc4 36.
Rg1+ Kf8 37. Rg4 Nf5 38. Rxh7 Rd4+ 39. Ke2 Re4+ 40. Kf3 Rc4 41. Rg2 e5 42. fxe5 fxe5 43. Rg5 Rf4+ 44. Ke2 Nd4+ 45. Kd3 Nf3 46. Rgg7 Ne1+ 47.
Kd2 Nf3+ 48. Ke3 Nd4 49. Ra7 Nxc2+ 50. Kd2 Nd4 51. Ra8# 1-0

[Event "*** Titled Tuesday Blitz"]
[Site "Chess.com"]
[Date "2020.12.01"]
[Round "2"]
[White "SergeiAza"]
[Black "2nd_life"]
[Result "1-0"]
[WhiteElo "2832"]
[BlackElo "2525"]
[TimeControl "180+1"]
[EndTime "10:18:04 PST"]
[Termination "SergeiAza won on time"]

1. e4 e5 2. Nf3 Nc6 3. Bb5 a6 4. Ba4 Nf6 5. O-O Be7 6. Re1 b5 7. Bb3 d6 8. c3 O-O 9. h3 Bb7 10.
d4 Re8 11. Nbd2 Bf8 12. a3 h6 13. d5 Nb8 14. Nh2 c6 15. dxc6 Bxc6 16. Ng4 Nbd7 17. Qf3 Qe7 18. Nf1 Nxg4 19. hxg4 Nc5 20. Ba2 Rad8 21.
g5 hxg5 22. Bxg5 Qxg5 23. Qxf7+ Kh7 24. Re3 Bd7 25. Rg3 Be7 26. Rxg5 Bxg5 27. Qh5+ Bh6 28. Ne3 Rf8 29. Rd1 Be8 30. Qh3 Bg6 31. Bb1 Nxe4 32.
Ng4 Nf6 33. Nxh6 gxh6 34. Bxg6+ Kxg6 35. Qe6 Rfe8 36. Qh3 e4 37. Rxd6 Rxd6 38. Qg3+ Kf5 39. Qxd6 Re6 40. Qc5+ Re5 41. Qc8+ Re6 42. b3 h5 43. c4 bxc4 44. bxc4 Ke5 45. Qc5+ Kf4 46. Qe3+ Kf5 47. c5 Rc6 48. Qd4 a5 49. a4 Ke6 50.
Kh2 1-0

[Event "*** Titled Tuesday Blitz"]
[Site "Chess.com"]
[Date "2020.12.01"]
[Round "2"]
[White "anon219"]
[Black "gross-aleks"]
[Result "0-1"]
[WhiteElo "2761"]
[BlackElo "2515"]
[TimeControl "180+1"]
[EndTime "10:18:04 PST"]
[Termination "gross-aleks won by checkmate"]

1. e4 e5 2. Bc4 Nc6 3. Nc3 Nf6 4. d3 Bb4 5. Ne2 d5 6. exd5 Nxd5 7. O-O Nxc3 8. bxc3 Bd6 9. Ng3 O-O 10. Qh5 Qf6 11.
Bd5 Qg6 12. Qh4 Ne7 13. Be4 f5 14. Bf3 f4 15. Be4 Qg4 16. Qxh7+ Kf7 17. f3 Qg5 18. Bd2 Be6 19. Qh5+ Qxh5 20. Nxh5 g6 21. Nxf4 exf4 22. Bxb7 Rab8 23. Be4 c5 24. Rfe1 Rb2 25. d4 a5 26.
Rab1 Rfb8 27. Rxb2 Rxb2 28. dxc5 Bxc5+ 29. Kh1 g5 30. h4 Bf2 31. Rd1 Bxh4 32. a3 Bf2 33. Kh2 Rb8 34.
g4 fxg3+ 35. Kg2 Rh8 36. Rh1 Rxh1 37. Kxh1 Bh3 38. f4 g4 39. c4 Bf1 40. c5 Be2 41.
Bg2 Ke6 42. c6 Nxc6 43. f5+ Kxf5 44. Bc3 a4 45. Bb2 Ne5 46. Bxe5 Kxe5 47. c4 Bc5 48. Bd5 Bxa3 49. Bg2 Bc5 50. Bd5 a3 51. Kg2 a2 52.
Kxg3 a1=Q 53. Kh4 Qc1 54. Kh5 Kf6 55. Bf3 Qg5# 0-1

[Event "*** Titled Tuesday Blitz"]
[Site "Chess.com"]
[Date "2020.12.01"]
[Round "2"]
[White "Tssunami"]
[Black "QuintilianoR"]
[Result "1-0"]
[WhiteElo "2412"]
[BlackElo "2637"]
[TimeControl "180+1"]
[EndTime "10:18:04 PST"]
[Termination "Tssunami won by resignation"]

1. Nf3 d5 2. d4 Nf6 3. Bf4 e6 4. e3 c5 5. c3 Nc6 6. Nbd2 Be7 7. Bd3 Nh5 8. Bg3 g6 9. Rc1 O-O 10. O-O Nxg3 11. fxg3 b6 12. g4 Bf6 13. Bb5 Bd7 14.
Bxc6 Bxc6 15. Qe1 Bb5 16. Rf2 Bg7 17. h4 Re8 18. b4 Rc8 19. Nb3 c4 20. Nbd2 e5 21.
dxe5 Bxe5 22. Nxe5 Rxe5 23. Nf3 Re4 24. Ng5 Rxg4 25.
Nxf7 Qxh4 26. Nd6 Bd7 27. Nxc8 Bxc8 28. Rf4 Rxf4 29. exf4 Qxf4 30. Qe8+ Qf8 31. Re1 Bf5 32. Qc6 Be4 33. Qe6+ Qf7 34. Qe5 Bd3 35. Qg3 Kg7 36. Qf2 Qxf2+ 37. Kxf2 Kf6 38. Ke3 Be4 39. g3 Ke5 40. Rf1 h5 41. Rf8 a5 42. b5 g5 43. Rb8 h4 44. gxh4 gxh4 45. Rxb6 h3 46. Rh6 Bg2 47. b6 Kf5 48. b7 1-0